Unix NetHack Version 5.0.0-0 post-release - last build Jul 19 2026 19:10:59 (3aa4ab31751d3886436d94b585a96704892fd477,branch:main).

Game began 2026-07-20 18:06:32, ended 2026-07-21 12:23:15.

Anarchos, lawful female dwarven Valkyrie

    ------            -------------------
    |...^|            |...............|..                    o(..
  ---.--.--        ----.................---                   ).C-
  |.......|       --......................|                  ---@.
  ---....-----   --..|..................---                  |....
    ----..|..-- --..---------------------                  ---...
       --.....---..--                                     --...-
        |........^--            ----------              ---...--
        ----..-----  ------------.......^--- ------------...-
         |...--      |..-...-..............---.......).......
        --..--.   -----------..................---.----------
       --..--.-----........|............)........---
       |..--........-----..).........*.............|.
       |......-------   |--...........<............|.
       |.......|        |..........................-|-
       ---------        ----.......-------.....)...).|
                           |......*|     |.......|)..|
                           ---------     -------------
Anarchos the Fighter        St:7 Dx:14 Co:18 In:10 Wi:8 Ch:11  Lawful
Dlvl:11 $:143 HP:0(82) Pw:12(12) AC:0  Xp:8 T:11782  Satiated Burdened

Latest messages:
 This hill orc corpse tastes okay.
 You stop eating the hill orc corpse.
 There is a partly eaten hill orc corpse here; eat it? [ynq] (n) y
 You resume your meal.
 The mountain centaur wields a scimitar!
 The mountain centaur puts on an orcish helm.
 You stop eating the hill orc corpse.
 The mountain centaur swings her scimitar.
 The mountain centaur hits!
 The mountain centaur misses!
 The mountain centaur kicks!
 You miss the mountain centaur.
 You miss the mountain centaur.
 The mountain centaur swings her scimitar.
 The mountain centaur hits!
 The mountain centaur misses!
 The mountain centaur kicks!
 The mountain centaur swings her scimitar.
 The mountain centaur misses!
 The mountain centaur kicks!
 The mountain centaur kicks again!
 You miss the mountain centaur.
 The mountain centaur swings her scimitar.
 The mountain centaur misses!
 The mountain centaur kicks!
 The mountain centaur kicks again!
 The mountain centaur swings her scimitar.
 The mountain centaur hits!
 The mountain centaur kicks!
 The mountain centaur misses!
 You hit the mountain centaur!
 The mountain centaur swings her scimitar.
 The mountain centaur misses!
 The mountain centaur misses!
 The mountain centaur kicks!
 The mountain centaur swings her scimitar.
 The mountain centaur hits!
 The mountain centaur kicks!
 The mountain centaur misses!
 You hit the mountain centaur!
 The mountain centaur swings her scimitar.
 The mountain centaur just misses!
 The mountain centaur kicks!
 The mountain centaur kicks again!
 The mountain centaur swings her scimitar.
 The mountain centaur misses!
 The mountain centaur kicks!
 You die...
 Do you want your possessions identified? [ynq] (y) y
 Do you want to see your attributes? [ynq] (y) q

Inventory:
 Coins    ('$')
  $ - 143 gold pieces
 Weapons  (')')
  e - a +0 bow
  r - a blessed +0 dart
  h - a poisoned +0 dart
  a - a +3 dwarvish spear (weapon in right hand)
 Armor    ('[')
  g - an uncursed +0 helmet (being worn)
  z - an uncursed +0 pair of leather gloves (being worn)
  T - an uncursed +0 pair of iron shoes
  K - an uncursed +0 pair of kicking boots (being worn)
  l - an uncursed +0 shield of reflection (being worn)
  G - an uncursed +0 cloak of invisibility (being worn)
  s - an uncursed +0 scale mail (being worn)
 Comestibles  ('%')
  N - 2 uncursed food rations
  y - an uncursed tripe ration
  t - an uncursed egg
 Rings    ('=')
  E - a blessed +0 ring of gain constitution (on left hand)
 Wands    ('/')
  Q - a wand of striking (0:5)
 Tools    ('(')
  I - an uncursed sack containing 20 items
  S - an uncursed skeleton key
 Gems/Stones  ('*')
  X - an uncursed diamond
  q - an uncursed ruby
  m - an uncursed worthless piece of blue glass
  p - an uncursed worthless piece of red glass
  k - 2 uncursed worthless pieces of yellowish brown glass
  o - an uncursed luckstone

Contents of the sack:
  18 gold pieces
  22 +0 daggers
  an uncursed +3 small shield
  2 uncursed scrolls of blank paper
  a cursed scroll of blank paper
  a cursed scroll of magic mapping
  an uncursed potion of object detection
  an uncursed ring of regeneration
  a cursed ring of see invisible
  an uncursed ring of shock resistance
  an uncursed ring of stealth
  an uncursed ring of teleport control
  a cursed wand of magic missile (0:3)
  2 uncursed worthless pieces of black glass
  an uncursed worthless piece of green glass
  2 uncursed worthless pieces of red glass
  an uncursed worthless piece of violet glass
  an uncursed worthless piece of white glass
  an uncursed worthless piece of yellowish brown glass
  an uncursed luckstone

Anarchos the Valkyrie's attributes:

Background:
 You were a Fighter, a level 8 dwarven Valkyrie.
 You were lawful, on a mission for Tyr
 who was opposed by Odin (neutral) and Loki (chaotic).
 You were right-handed.
 You were in the Gnomish Mines, on level 11.
 You entered the dungeon 11782 turns ago.
 You had 1550 experience points, 1010 more were needed to attain level 9.

Basics:
 You had 0 out of 82 hit points.
 You had all 12 energy points (spell power).
 Your armor class was 0.
 Your wallet contained 143 zorkmids, and
 you had 18 more stashed away in your pack.
 Autopickup was on for all types.

Final Characteristics:
 Your strength was 7 (peak:18, limit:18/100).
 Your dexterity was 14 (peak:15, limit:20).
 Your constitution was 18 (limit:20).
 Your intelligence was 10 (limit:16).
 Your wisdom was 8 (limit:16).
 Your charisma was 11 (limit:16).

Final Status:
 You were satiated.
 You were burdened; movement was slightly slowed.
 You were wielding a spear.
 You had expert skill with spear.

Final Attributes:
 You were piously aligned.
 You were cold resistant.
 You were sleep resistant.
 You saw invisible.
 You were telepathic.
 You had infravision.
 You were invisible to others.
 You were stealthy.
 You were warded.
 Your spell casting was impaired by metallic armor.
 You were fast.
 You had reflection.
 You were lucky.
 You had extra luck.
 Bad luck did not time out for you.
 Good luck did not time out for you.
 You are dead.

Miscellaneous:
 You encountered 1 bones level.
 Total elapsed playing time was 3 hours, 19 minutes and 40 seconds.

Major events:
 Turn
    1: Anarchos the lawful dwarven Valkyrie entered the dungeon
  738: attained the rank of Skirmisher (level 3)
 1201: entered the Gnomish Mines
 1819: reached Mine Town
 3696: attained the rank of Fighter (level 6)
 5953: chose an elven broadsword to be named "Orcrist"
10171: chose an elven dagger to be named "Sting"
11683: acquired the Mines' End luckstone
11782: killed by a mountain centaur

Spells:
 Name                 Level Category     Fail Retention
 restore ability        4   healing      100%   51%-75%
 detect food            2   divination   100%   51%-75%

Skills:
 Fighting Skills
   bare handed combat [Unskilled]
   two weapon combat  [Unskilled]
   riding             [Unskilled]
 Weapon Skills
   dagger             [Basic]
   axe                [Unskilled]
   pick-axe           [Unskilled]
   short sword        [Unskilled]
   broadsword         [Unskilled]
   long sword         [Unskilled]
   two-handed sword   [Unskilled]
   saber              [Unskilled]
   hammer             [Unskilled]
   quarterstaff       [Unskilled]
   polearms           [Unskilled]
   spear              [Expert]
   trident            [Unskilled]
   lance              [Unskilled]
   sling              [Unskilled]
 Spellcasting Skills
   attack spells      [Unskilled]
   escape spells      [Unskilled]

Voluntary challenges:
 Character rerolling was not enabled.
 You never genocided any monsters.
 You never polymorphed an object.
 You used no wishes.
Achievements:
 You entered a shop.
 You attained the rank of Skirmisher.
 You entered the Gnomish Mines.
 You entered Minetown.
 You entered a temple.
 You attained the rank of Fighter.
 You completed the Gnomish Mines.

 The Dungeons of Doom: levels 1 to 7
    Level 1:
       A sink.
    Level 2:
       A ring shop.
    Level 3:
       An armor shop.
       Stairs down to The Gnomish Mines.
    Level 4:
    Level 5:
    Level 6:
       A potion shop.
    Level 7:
       A fountain, a grave.
       Final resting place for
          NuclearDog-Wiz-Elf-Fem-Cha, killed by a bolt of lightning zapped by herself,
          pots164-Kni-Hum-Mal-Law, slipped while mounting a saddled pony.
 The Gnomish Mines: levels 4 to 11
    Level 4:
    Level 5:
    Level 6:
       Many shops, a temple and an altar, some fountains.
    Level 7:
    Level 8:
    Level 9:
    Level 10:
    Level 11: <- You were here.
       Final resting place for
          you, killed by a mountain centaur.


Vanquished creatures:
  2 ghosts
  a giant mimic
  4 small mimics
 an ochre jelly
  a human mummy
  a wraith
  2 watchmen
  a giant beetle
  a cockatrice
  4 wolves
  a horse
  a forest centaur
  a dwarf mummy
  2 brown puddings
 an owlbear
  a gold golem
  a Green-elf
  a lizard
  a white unicorn
  a raven
  2 snakes
 an ape
  a Woodland-elf
  3 bugbears
  a wood nymph
  2 water nymphs
  7 Mordor orcs
  3 rock piercers
  a rock mole
  a pony
  3 fog clouds
  a yellow light
  2 shriekers
  a violet fungus
  8 gnome leaders
  3 gnomish wizards
  2 kobold mummies
  3 elf zombies
  a ghoul
  2 paper golems
  8 giant ants
  7 floating eyes
  a kitten
  8 dwarves
  a homunculus
  9 hill orcs
  2 rothes
  3 rabid rats
  2 centipedes
  3 orc zombies
  2 wererats
  2 werejackals
  5 iguanas
 an acid blob
  2 coyotes
  2 gas spores
  3 hobbits
  3 manes
  5 hobgoblins
  4 giant rats
  4 cave spiders
  a brown mold
  2 yellow molds
  4 green molds
 42 gnomes
 10 garter snakes
  3 gnome zombies
  4 geckos
 16 jackals
  2 kobolds
  2 goblins
  2 sewer rats
 23 grid bugs
  a bat
  8 lichens
  2 kobold zombies
  9 newts
285 creatures vanquished.

No species were genocided or became extinct.

Game over:
                       ----------
                      /          \
                     /    REST    \
                    /      IN      \
                   /     PEACE      \
                  /                  \
                  |     Anarchos     |
                  |      161 Au      |
                  |   killed by a    |
                  | mountain centaur |
                  |                  |
                  |                  |
                  |       2026       |
                 *|     *  *  *      | *
        _________)/\\_//(\/(/\)/\//\/|_)_______

Farvel Anarchos the Valkyrie...

You died in The Gnomish Mines on dungeon level 11 with 9301 points,
and 161 pieces of gold, after 11782 moves.
You were level 8 with a maximum of 82 hit points when you died.

